[Event "*** Titled Tuesday Blitz"]
[Site "Chess.com"]
[Date "2021.02.16"]
[Round "2"]
[White "SanchezKelvin"]
[Black "catzapto"]
[Result "1-0"]
[WhiteElo "2406"]
[BlackElo "2110"]
[TimeControl "180+1"]
[EndTime "10:19:11 PST"]
[Termination "SanchezKelvin won on time"]

1. d4 Nf6 2. c4 e6 3. Nf3 Bb4+ 4. Nbd2 d5 5. e3 c6 6. Qc2 O-O 7. a3 Bd6 8. Bd3 Nbd7 9. e4 dxe4 10. Nxe4 Nxe4 11. Bxe4 Nf6 12. Bd3 c5 13. dxc5 Bxc5 14. b4 Be7 15. Bb2 h6 16. Rd1 Qe8 17. Ne5 Nd7 18.
Nf3 Nf6 19. O-O Bd7 20. Qc3 Qc8 21. Ne5 Ba4 22. Rd2 Ne8 23. Be4 Bf6 24. Qf3 Qc7 25. Bxb7 Rb8 26. Bc6 Bxe5 27. Bxe5 Qxe5 28. Bxa4 Nf6 29.
Qe3 Qc7 30. Rc1 Ng4 31. Qg3 Qxg3 32. hxg3 Rfd8 33. Rxd8+ Rxd8 34. c5 Ne5 35. c6 Rc8 36.
c7 Kf8 37. f4 Nd3 38. Rc3 Nb2 39. Bd7 Nd1 40. Rc5 1-0

[Event "*** Titled Tuesday Blitz"]
[Site "Chess.com"]
[Date "2021.02.16"]
[Round "2"]
[White "BairaKovanova"]
[Black "Ze-Pequeno"]
[Result "1-0"]
[WhiteElo "2475"]
[BlackElo "2290"]
[TimeControl "180+1"]
[EndTime "10:19:12 PST"]
[Termination "BairaKovanova won on time"]

1. Nf3 Nf6 2. d4 g6 3. c4 Bg7 4. Bf4 O-O 5. e3 c5 6. Be2 cxd4 7. exd4 d5 8. c5 Nc6 9. O-O b6 10. cxb6 Qxb6 11. Nc3 Qxb2 12. Nb5 Bf5 13. Ne5 Rfc8 14. Rc1 Nxe5 15. Rxc8+ Rxc8 16. dxe5 Ne4 17. Qxd5 Qxe2 18. Nxa7 Rf8 19. Nc6 e6 20. Qd4 Qb5 21. Ne7+ Kh8 22. Nxf5 exf5 23. Rc1 g5 24. Be3 Qxe5 25. Qb4 Re8 26.
h3 f4 27. Bb6 Qe6 28. a4 Nf6 29. Qa3 Nd5 30. Bc5 Rc8 31. a5 Qa6 32. Qb3 1-0

[Event "*** Titled Tuesday Blitz"]
[Site "Chess.com"]
[Date "2021.02.16"]
[Round "2"]
[White "zeitnot2006"]
[Black "sergiochess83"]
[Result "1-0"]
[WhiteElo "2541"]
[BlackElo "2835"]
[TimeControl "180+1"]
[EndTime "10:19:13 PST"]
[Termination "zeitnot2006 won on time"]

1. d4 Nf6 2. Bf4 c5 3. dxc5 e6 4. Bd6 Na6 5. Nf3 Nxc5 6. Bxf8 Kxf8 7. g3 d5 8. Bg2 g6 9. O-O Kg7 10. Nbd2 b5 11. Nb3 Nce4 12. Nfd4 Qb6 13. a4 bxa4 14. Rxa4 Bd7 15. Ra1 a5 16. Ra2 a4 17. Nc1 Rhc8 18. Nf3 Ng4 19. Nd3 Bb5 20. e3 Nxe3 21. fxe3 Qxe3+ 22. Kh1 Bxd3 23. Qxd3 Nf2+ 24. Rxf2 Qxf2 25. c3 a3 26. Qb1 axb2 27. Rxb2 Qe3 28. Rc2 Rxc3 29. h4 Rxc2 30. Qxc2 d4 31. Qc6 Ra7 32. Kh2 d3 33. Qc3+ f6 34. Nd4 Rd7 35. Nf3 1-0

[Event "*** Titled Tuesday Blitz"]
[Site "Chess.com"]
[Date "2021.02.16"]
[Round "2"]
[White "Lion-Al-Messi"]
[Black "youngKID"]
[Result "0-1"]
[WhiteElo "2516"]
[BlackElo "2841"]
[TimeControl "180+1"]
[EndTime "10:19:13 PST"]
[Termination "youngKID won by resignation"]

1. e4 c5 2. Nf3 Nc6 3. d4 cxd4 4. Nxd4 Nf6 5. Nc3 e6 6. Nxc6 bxc6 7. e5 Nd5 8. Ne4 Qc7 9. f4 Rb8 10. c3 f5 11. exf6 Nxf6 12. Nxf6+ gxf6 13. Qh5+ Kd8 14. Bd3 Qb6 15. b4 Kc7 16. Qe2 c5 17. Be3 Bb7 18. O-O Rg8 19. Rf2 Bc6 20. Qh5 f5 21. Rb1 Qb7 22. g3 Be4 23. bxc5 Qxb1+ 24. Bxb1 Rxb1+ 25. Rf1 Rb2 26. Rf2 Rb1+ 27. Rf1 Rb2 28. Bf2 Bxc5 29.
Qf7 Rgb8 30. Qf6 Rxf2 31. Qe5+ d6 32. Qg7+ Kc6 33. Rd1 Rd2+ 34. Kf1 Rxd1+ 35. Ke2 Rdb1 36. c4 R8b2+ 0-1

[Event "*** Titled Tuesday Blitz"]
[Site "Chess.com"]
[Date "2021.02.16"]
[Round "2"]
[White "Nozdrachev_Leonid"]
[Black "GMKrikor"]
[Result "1-0"]
[WhiteElo "2522"]
[BlackElo "2806"]
[TimeControl "180+1"]
[EndTime "10:19:14 PST"]
[Termination "Nozdrachev_Leonid won by resignation"]

1. e4 c5 2. c3 d5 3. exd5 Qxd5 4. d4 g6 5. Nf3 Bg7 6. Be3 Nf6 7. Be2 O-O 8. dxc5 Qxd1+ 9. Bxd1 Ng4 10. Bg5 Na6 11. O-O f6 12. Bc1 Nxc5 13. h3 Nh6 14. Be3 b6 15. Re1 e5 16. Bxc5 bxc5 17. Bb3+ Kh8 18. Nbd2 a5 19. Ne4 Bb7 20. Nxc5 Bxf3 21. gxf3 Rfc8 22.
Na4 Rab8 23. Red1 Nf5 24. Be6 Rc6 25. Bd7 Rc4 26. b3 Rf4 27. Bxf5 gxf5 28. Kg2 Rg8 29. Rd3 e4 30. fxe4 fxe4 31. Rg3 h5 32. Rd1 f5 33. Rd5 Kh7 34. Rxa5 h4 35. Rg5 Bd4 36. Rxg8 Rxf2+ 37. Kg1 Be3 38. Raa8 f4 39. Rg4 Rf3+ 40. Kh2 Rf2+ 41. Rg2 f3 42. Rxf2 Bxf2 43. Re8 e3 44. Nb2 Kg6 45. Nd3 Bg3+ 46. Kg1 e2 47. Re3 e1=Q+ 48. Nxe1 f2+ 49. Kf1 fxe1=Q+ 50. Rxe1 Bxe1 51. Kxe1 Kf5 1-0

[Event "*** Titled Tuesday Blitz"]
[Site "Chess.com"]
[Date "2021.02.16"]
[Round "2"]
[White "beautroll"]
[Black "stepanosinovsky"]
[Result "1-0"]
[WhiteElo "2475"]
[BlackElo "2283"]
[TimeControl "180+1"]
[EndTime "10:19:14 PST"]
[Termination "beautroll won on time"]

1. e4 e5 2. Nf3 Nc6 3. Bb5 a6 4. Ba4 Nf6 5. O-O Be7 6. Re1 b5 7. Bb3 O-O 8. a4 b4 9. a5 Bb7 10. d4 Nxd4 11. Nxd4 exd4 12. e5 Ne4 13. Qg4 d5 14. f3 f5 15. exf6 Nxf6 16. Qxd4 c5 17. Qe5 Rf7 18. c4 bxc3 19. Nxc3 c4 20. Ba2 Bc5+ 21. Kh1 Qxa5 22. Bg5 Re8 23. Qg3 Rfe7 24. Rxe7 Bxe7 25. Bh6 Nh5 26. Qg4 g6 27. Re1 Qb6 28.
Re6 Qxb2 29. Rxg6+ Kh8 30. Qd4+ 1-0

[Event "*** Titled Tuesday Blitz"]
[Site "Chess.com"]
[Date "2021.02.16"]
[Round "2"]
[White "LEGENYA1998"]
[Black "ZEN-22"]
[Result "0-1"]
[WhiteElo "2274"]
[BlackElo "2471"]
[TimeControl "180+1"]
[EndTime "10:19:15 PST"]
[Termination "ZEN-22 won by resignation"]

1. e4 d5 2. e5 c5 3. Nf3 Nc6 4. Bb5 Qb6 5. Bxc6+ Qxc6 6. d4 Bg4 7. Be3 cxd4 8. Bxd4 e6 9. Nbd2 Ne7 10. h3 Bh5 11. g4 Bg6 12. Rc1 Qa6 13. a3 Rc8 14. Qe2 Qxe2+ 15. Kxe2 Bxc2 16. Bxa7 Kd7 17. Nd4 Bg6 18.
f4 h5 19. Rcf1 Ra8 20. Bc5 Nc6 21. Nxc6 Bxc5 22. Nb4 Bxb4 23. axb4 hxg4 24. hxg4 Rxh1 25. Rxh1 Ra4 26. b3 Rxb4 27. Ke3 Be4 28. Rc1 g5 29. fxg5 Bg6 30. Kf3 Rd4 31. Nf1 Rd3+ 32. Kf2 Rxb3 33.
Ne3 Rb2+ 34. Kg3 Rb4 35. Ng2 Re4 36. Nf4 Rxe5 37. Nxg6 fxg6 38. Rb1 Kc6 39. Kf4 Re4+ 40. Kf3 b5 41. Rh1 Re5 42. Kf4 Re4+ 43. Kf3 b4 44. Rh6 b3 45. Rh2 Re5 46. Kf4 Re4+ 47. Kf3 Rb4 48.
Rb2 Kd6 49. Ke3 Ke5 50. Kf3 d4 51. Kg3 Ke4 52. Kf2 Kd3 53. Ke1 Kc3 54. Rd2 b2 55.
Rxb2 Rxb2 0-1

[Event "*** Titled Tuesday Blitz"]
[Site "Chess.com"]
[Date "2021.02.16"]
[Round "2"]
[White "EdmundPlayer"]
[Black "Orest_Vovk"]
[Result "1-0"]
[WhiteElo "2187"]
[BlackElo "2411"]
[TimeControl "180+1"]
[EndTime "10:19:15 PST"]
[Termination "EdmundPlayer won on time"]

1. e4 Nc6 2. Nf3 d5 3. exd5 Qxd5 4. Nc3 Qa5 5. Bb5 Bd7 6. O-O O-O-O 7. Re1 a6 8. Bxc6 Bxc6 9. Ne5 Be8 10. b4 Qxb4 11. Rb1 Qf4 12. d3 Qf5 13. Ba3 Nf6 14. Qc1 e6 15. Bxf8 Rxf8 16. Qb2 Bc6 17. Nxc6 bxc6 18. Qb7+ Kd7 19. Na4 Qa5 20. Nb6+ Ke8 21. Qxc6+ Ke7 22. Qxc7+ Ke8 23. Qc6+ Ke7 24. Qc7+ Ke8 25.
Qc6+ Ke7 26. Qb7+ Nd7 27. Nxd7 Rxd7 28. Qc6 Qxa2 29. Qc5+ Kf6 30. Qe5+ Kg6 31. Rb4 f5 32. Rh4 Rff7 33. Qxe6+ 1-0

[Event "*** Titled Tuesday Blitz"]
[Site "Chess.com"]
[Date "2021.02.16"]
[Round "2"]
[White "jcibarra"]
[Black "KonstantinB_1983"]
[Result "1-0"]
[WhiteElo "2900"]
[BlackElo "2547"]
[TimeControl "180+1"]
[EndTime "10:19:16 PST"]
[Termination "jcibarra won by resignation"]

1. e4 c6 2. Nf3 d5 3. d3 g6 4. e5 Bg7 5. d4 f6 6. c4 Nh6 7. Nc3 Be6 8. Qb3 Qd7 9. h3 O-O 10. Bf4 Nf7 11. exf6 exf6 12. Be2 a5 13. cxd5 cxd5 14.
Na4 Qe7 15. O-O Na6 16. a3 Nd6 17. Rfe1 Ne4 18. Rac1 Rfe8 19. Nb6 Rad8 20. Bb5 Rf8 21. Qa4 Bf7 22. Qxa5 g5 23. Bh2 Nb8 24. Rc7 Qe6 25. Rxb7 Bh5 26. Qa7 Rf7 27. Rxf7 Qxf7 28. Qxf7+ Bxf7 29. Bc7 Rf8 30. a4 h5 31. a5 g4 32.
hxg4 hxg4 33. Nh4 Bh6 34. Nf5 Bd2 35. Ra1 Be6 36. Ne7+ Kf7 37. Nexd5 Bxd5 38. Nxd5 Ke6 39. Bc4 Kf5 40. a6 Nd7 41. a7 Ra8 42. Nb6 Ng5 43. Nxa8 1-0

[Event "*** Titled Tuesday Blitz"]
[Site "Chess.com"]
[Date "2021.02.16"]
[Round "2"]
[White "DinaBelenkaya"]
[Black "CSB7"]
[Result "0-1"]
[WhiteElo "2311"]
[BlackElo "2532"]
[TimeControl "180+1"]
[EndTime "10:19:16 PST"]
[Termination "CSB7 won on time"]

1. e4 c5 2. Nc3 e6 3. g3 d5 4. exd5 exd5 5. Bg2 d4 6. Ne4 Nc6 7. Qe2 Be6 8. d3 Be7 9. Nf3 h6 10. h4 Nf6 11. Nfd2 O-O 12. Nxf6+ Bxf6 13. Ne4 Re8 14.
Bf4 Be5 15. Bxe5 Nxe5 16. O-O Bg4 17. f3 Bf5 18. Qd2 Bxe4 19. fxe4 c4 20. Bh3 cxd3 21. cxd3 Qd6 22. Rf5 Rac8 23. Raf1 Rc5 24. Qf4 Qe7 25. h5 Nxd3 26. Qd2 Rxf5 27. Bxf5 Ne5 28.
Qxd4 Qg5 29. Kg2 Qxh5 30. Qxa7 Ng4 31. Rh1 Qg5 32. Qd4 Ne3+ 33. Kf3 Nxf5 34. exf5 Qxf5+ 35. Qf4 Qd3+ 36. Kg4 Qd7+ 37. Kh5 Qd5+ 0-1

[Event "*** Titled Tuesday Blitz"]
[Site "Chess.com"]
[Date "2021.02.16"]
[Round "2"]
[White "Gulkov_Igor"]
[Black "zurzan"]
[Result "1-0"]
[WhiteElo "2472"]
[BlackElo "2011"]
[TimeControl "180+1"]
[EndTime "10:19:18 PST"]
[Termination "Gulkov_Igor won on time"]

1. Nf3 d6 2. d4 g6 3. e4 Nf6 4. e5 dxe5 5. Nxe5 Bg7 6. Bc4 O-O 7. O-O a6 8. c3 Nbd7 9. Nxd7 Bxd7 10. Nd2 Rc8 11.
Re1 c5 12. dxc5 Rxc5 13. Qe2 b5 14. Bd3 Be6 15. Ne4 Nxe4 16. Bxe4 Qc8 17. Be3 Rc7 18. a3 Rd7 19. Rad1 Rfd8 20. Rxd7 Qxd7 21. Bb6 Re8 22. Rd1 Qc8 23. Bd4 Bxd4 24. Rxd4 Bf5 25. h3 Bxe4 26. Qxe4 e6 27. Qd3 Kg7 28. Rd6 Qc5 29. Rxa6 Qe5 30. Qd2 Rc8 31. Rd6 Rc4 32. Rd4 Rxd4 33. Qxd4 Kf6 34.
Qxe5+ Kxe5 35. Kf1 Kd5 36. b3 Ke4 37. Ke2 Kd5 38. Kd3 e5 39. c4+ bxc4+ 40. bxc4+ Kd6 41. a4 f5 42. a5 e4+ 43. Kd4 Kc6 44. h4 h6 45. h5 g5 46. Ke5 1-0

[Event "*** Titled Tuesday Blitz"]
[Site "Chess.com"]
[Date "2021.02.16"]
[Round "2"]
[White "HackingKid98"]
[Black "novocane"]
[Result "1-0"]
[WhiteElo "2464"]
[BlackElo "2258"]
[TimeControl "180+1"]
[EndTime "10:19:18 PST"]
[Termination "HackingKid98 won by resignation"]

1. Nf3 c5 2. e3 b6 3. d4 Bb7 4.
c3 e6 5. Nbd2 Nf6 6. Bd3 Be7 7.
Qe2 d6 8. O-O O-O 9. e4 Re8 10. e5 Nfd7 11. Ne4 dxe5 12. dxe5 Nc6 13. Bf4 Qc7 14. Nd6 Bxd6 15. exd6 Qd8 16. Ng5 Nf8 17.
Qh5 g6 18. Qh4 f6 19. Nxh7 Nxh7 20. Bxg6 Nf8 21. Bxe8 Qxe8 22. Qxf6 Qg6 23. Qxg6+ Nxg6 24. Bg3 Rd8 25. Rad1 e5 26. Rfe1 Kf7 27. f3 Ke6 28. h4 Rxd6 29. Rxd6+ Kxd6 30. h5 Nf8 31. h6 Bc8 32. f4 e4 33. Rxe4 Bf5 34. Re8 Nh7 35.
Kf2 Ne7 36. Bh4 Nd5 37. Bg5 Ndf6 38. Ra8 Nxg5 39. fxg5 Ne4+ 40. Ke3 Nxg5 41. Kf4 Be4 42. Kxg5 Bxa8 43. h7 1-0

[Event "*** Titled Tuesday Blitz"]
[Site "Chess.com"]
[Date "2021.02.16"]
[Round "2"]
[White "TregubovP"]
[Black "eljanov"]
[Result "0-1"]
[WhiteElo "2522"]
[BlackElo "2849"]
[TimeControl "180+1"]
[EndTime "10:19:19 PST"]
[Termination "eljanov won on time"]

1. e4 c6 2. c4 d5 3. cxd5 cxd5 4. exd5 Nf6 5. Nc3 Nxd5 6. Nf3 Nc6 7. Bb5 g6 8. Qa4 Nb6 9. Bxc6+ bxc6 10. Qh4 Bg7 11. O-O Ba6 12. Re1 Bd3 13. Ne5 O-O 14. Nxd3 Qxd3 15.
Re3 Qc2 16. Qe4 Qxe4 17. Rxe4 e6 18. Kf1 Rfd8 19. Ke2 Rab8 20. b3 Nd5 21. Bb2 Nb4 22. Rc4 Nd3 23. Ba3 Ne5 24. Ra4 Rb7 25. Rc1 Nd3 26. Rc2 f5 27. Nd1 Rbd7 28. Ne3 e5 29. g3 f4 30. Nc4 e4 31. gxf4 Nxf4+ 32. Kd1 Nd3 33. Ne3 Rf7 34. Rcc4 Rxf2 35. Rxe4 Nb2+ 36.
Bxb2 Rdxd2+ 37. Ke1 Rde2+ 38. Kd1 Rxb2 39. Ke1 Rxh2 40.
Rf4 Rb1+ 41. Nd1 Bc3+ 0-1

[Event "*** Titled Tuesday Blitz"]
[Site "Chess.com"]
[Date "2021.02.16"]
[Round "2"]
[White "ErikBlomqvist"]
[Black "DJojua"]
[Result "1-0"]
[WhiteElo "2521"]
[BlackElo "2781"]
[TimeControl "180+1"]
[EndTime "10:19:19 PST"]
[Termination "ErikBlomqvist won by checkmate"]

1. e4 c5 2. Nf3 e6 3. c3 Nf6 4. e5 Nd5 5. Bc4 Nb6 6. Bb3 c4 7. Bc2 d5 8. d4 cxd3 9. Qxd3 Nc6 10. O-O Nc4 11. Re1 Qc7 12. Qe2 g6 13. Nbd2 Nb6 14.
Nb3 Bg7 15. Nbd4 a6 16. Bd3 Nd7 17. Bf4 Nc5 18. Bc2 Bd7 19. Rac1 b5 20. Nxc6 Bxc6 21. Nd4 Bb7 22. Qe3 h6 23. h4 Ne4 24. a4 g5 25. Bh2 gxh4 26. axb5 Rg8 27. c4 Bxe5 28. Bxe5 Qxe5 29. cxd5 exd5 30. Nf3 Qe7 31. Qxh6 axb5 32. Nxh4 Ra6 33. Qf4 Kf8 34. Nf5 Qd8 35. Bxe4 dxe4 36. Red1 Qa8 37. Rd6 Rxd6 38. Qxd6+ Ke8 39. Qe7# 1-0

[Event "*** Titled Tuesday Blitz"]
[Site "Chess.com"]
[Date "2021.02.16"]
[Round "2"]
[White "Szparu"]
[Black "kuba2006"]
[Result "1-0"]
[WhiteElo "2665"]
[BlackElo "2388"]
[TimeControl "180+1"]
[EndTime "10:19:19 PST"]
[Termination "Szparu won by checkmate"]

1. d4 Nf6 2. Bg5 d5 3. Bxf6 exf6 4. e3 Bd6 5. g3 O-O 6. Bg2 c6 7. Ne2 Nd7 8. b3 f5 9. c4 dxc4 10. bxc4 Nf6 11. Nbc3 Be6 12. Qa4 Qe7 13. O-O Nd7 14. c5 Bc7 15. Rab1 Rfb8 16. Rb2 Qd8 17. Rfb1 Qc8 18.
Rb4 Nf6 19. Qc2 a5 20. R4b2 Ra6 21. Nc1 b5 22. cxb6 Raxb6 23. Nd3 Rxb2 24. Rxb2 Rxb2 25. Qxb2 Bd6 26. Qb6 Nd5 27. Nxd5 Bxd5 28. Bxd5 cxd5 29. Qxd6 g6 30. Qxd5 Qc2 31. Qb3 Qe2 32. Ne5 Kg7 33. Qxf7+ Kh6 34. Qc4 Qd1+ 35. Kg2 f4 36. gxf4 Kh5 37. Qd5 Kh6 38. Qf3 Qc2 39. a3 Qc3 40. f5 Qxa3 41. f6 Qf8 42. Qf4+ Kh5 43. Qg4+ Kh6 44. Qh4# 1-0

[Event "*** Titled Tuesday Blitz"]
[Site "Chess.com"]
[Date "2021.02.16"]
[Round "2"]
[White "Rakesh"]
[Black "TimKett"]
[Result "1-0"]
[WhiteElo "2532"]
[BlackElo "2206"]
[TimeControl "180+1"]
[EndTime "10:19:19 PST"]
[Termination "Rakesh won on time"]

1. e4 e5 2. Nf3 Nc6 3. d4 exd4 4. Nxd4 Nf6 5. Nc3 Bb4 6. Nxc6 bxc6 7. Bd3 O-O 8. O-O d5 9. exd5 cxd5 10. Bg5 c6 11. Qf3 Bd6 12. h3 Rb8 13. b3 Be5 14. Bd2 Qd6 15.
Rae1 Bd7 16. Rxe5 Qxe5 17. Bf4 Qh5 18. Qxh5 Nxh5 19. Bxb8 Rxb8 20. Re1 Re8 21. Rxe8+ Bxe8 22. Na4 Nf6 23. Nc5 Kf8 24. f4 Ke7 25. Kf2 Kd6 26. b4 h6 27. Ke3 a5 28. c3 axb4 29. cxb4 Bd7 30. Kd4 Nh5 31. Ke3 Bc8 32. g4 d4+ 33.
Ke4 f5+ 34. gxf5 Ng3+ 35. Kxd4 Bxf5 36. a4 Bxh3 37. a5 Bc8 38. Nb3 h5 39. Ke3 h4 40.
Kf3 Nf5 41. Be4 1-0

[Event "*** Titled Tuesday Blitz"]
[Site "Chess.com"]
[Date "2021.02.16"]
[Round "2"]
[White "ILoveMauritania"]
[Black "mr65"]
[Result "0-1"]
[WhiteElo "2387"]
[BlackElo "2124"]
[TimeControl "180+1"]
[EndTime "10:19:19 PST"]
[Termination "mr65 won by resignation"]

1. e4 e5 2. Bc4 Nf6 3. d4 exd4 4. Nf3 Nc6 5. O-O Nxe4 6. Re1 d5 7. Bxd5 Qxd5 8. Nc3 Qa5 9. Nxe4 Be6 10. Neg5 O-O-O 11. Nxe6 fxe6 12. Rxe6 Bd6 13. Bg5 Rde8 14. Qe2 Kd7 15. Rxe8 Rxe8 16. Qd3 g6 17. a3 Ne5 18.
Nxe5+ Qxe5 19. Qh3+ Kc6 20. Bd2 b6 21. Qf3+ Qe4 22. Qxe4+ Rxe4 23. Kf1 h5 24. g3 Kd5 25. Re1 Rxe1+ 26. Kxe1 a5 27. Ke2 a4 28. Kf3 c5 29. h3 c4 30. Bc1 b5 31. g4 hxg4+ 32.
hxg4 b4 33. axb4 Bxb4 34. Kf4 Be7 35. f3 c3 36. bxc3 dxc3 37. Ke3 a3 38. Bxa3 Bxa3 39. Kd3 Ke5 40. Kxc3 Kf4 41. Kb3 Bd6 42. Kc4 Kxf3 43. Kd5 Bb8 44. c4 Kxg4 45. c5 Kf3 46. Kc6 g5 47.
Kb7 Bf4 48. c6 g4 49. c7 Bxc7 50. Kxc7 g3 0-1

[Event "*** Titled Tuesday Blitz"]
[Site "Chess.com"]
[Date "2021.02.16"]
[Round "2"]
[White "Aya5ian"]
[Black "milenapn"]
[Result "0-1"]
[WhiteElo "2359"]
[BlackElo "2115"]
[TimeControl "180+1"]
[EndTime "10:19:19 PST"]
[Termination "milenapn won on time"]

1. Nf3 g6 2. d4 Bg7 3. c4 Nf6 4.
e3 d6 5. Be2 O-O 6. O-O Nbd7 7.
b4 c6 8. Nc3 e5 9. Qc2 Qe7 10.
a4 Nh5 11. b5 f5 12. Ba3 e4 13. Nd2 Nhf6 14. Rab1 Rf7 15. bxc6 bxc6 16. Rb2 Bf8 17. Rfb1 Rg7 18. d5 c5 19. Nb5 Ne5 20. Nb3 g5 21. Nxd6 Qxd6 22. Nxc5 Qc7 23. Qc3 Neg4 24. Bxg4 Nxg4 25. h3 Bxc5 26. Bxc5 Qxc5 27. hxg4 f4 28. Rb8 Rxb8 29. Rxb8 fxe3 30. Qe5 exf2+ 31. Kf1 Qxc4+ 32.
Kxf2 Rf7+ 33. Kg3 Qd3+ 34. Kh2 Qe3 35. Rxc8+ Rf8 36. Qxg5+ Qxg5 37. Rxf8+ Kxf8 0-1

[Event "*** Titled Tuesday Blitz"]
[Site "Chess.com"]
[Date "2021.02.16"]
[Round "2"]
[White "Julianos82"]
[Black "anskam"]
[Result "0-1"]
[WhiteElo "2361"]
[BlackElo "1721"]
[TimeControl "180+1"]
[EndTime "10:19:19 PST"]
[Termination "anskam won by resignation"]

1. d4 Nf6 2. Nf3 g6 3. c4 Bg7 4. Nc3 d6 5. e4 O-O 6. Be2 e5 7. Be3 Nc6 8. d5 Ne7 9. Nd2 Nd7 10. b4 f5 11. f3 f4 12. Bf2 b6 13. c5 bxc5 14.
bxc5 dxc5 15. Nb3 a5 16. Nxc5 Nxc5 17. Bxc5 Ba6 18. O-O Bxe2 19. Qxe2 Qd7 20. Bxe7 Qxe7 21. Rfc1 Rfc8 22. Rc2 Qb4 23. Rac1 Rab8 24. Qd3 Qd4+ 25. Qxd4 exd4 26. Na4 d3 27. Rc4 Rb4 28. Rxb4 axb4 29.
Kf1 Bd4 30. d6 c5 31. Nb6 Rd8 32. Nc4 Bc3 33. e5 Kf7 34. Rd1 Ke6 35. Kf2 Kd5 36. Rxd3+ Kxc4 37. e6 Kxd3 38. e7 Bf6 39. exd8=Q Bxd8 40. g3 g5 41. h4 h6 42. gxf4 gxf4 43. Ke1 c4 0-1

[Event "*** Titled Tuesday Blitz"]
[Site "Chess.com"]
[Date "2021.02.16"]
[Round "2"]
[White "Cecile-Haussernot"]
[Black "kleopl"]
[Result "1-0"]
[WhiteElo "2341"]
[BlackElo "2465"]
[TimeControl "180+1"]
[EndTime "10:19:20 PST"]
[Termination "Cecile-Haussernot won by checkmate"]

1. e4 c6 2. d4 d5 3. e5 c5 4. dxc5 e6 5. Bb5+ Bd7 6. Qe2 Bxc5 7.
Nf3 Ne7 8. O-O O-O 9. Nc3 Ng6 10.
Bg5 Qb6 11. a4 a6 12. Bxd7 Nxd7 13. Rab1 Bd4 14. a5 Qa7 15. Nxd4 Qxd4 16. Rfe1 Ndxe5 17. h4 Nc6 18. h5 Nf4 19. Qg4 e5 20. Rbd1 Qb4 21. Bf6 Ne2+ 22. Qxe2 gxf6 23. Nxd5 Qh4 24. Rd3 Kh8 25. Rh3 Qg5 26. Rg3 Qh6 27. Rf3 Nd4 28.
Qe4 Nxf3+ 29. Qxf3 Rad8 30. Nxf6 Rd6 31. Ng4 Qg5 32. Rxe5 Rd1+ 33. Qxd1 Qf4 34. Qe2 f6 35. Re7 Qc1+ 36. Kh2 Qf4+ 37. g3 Qg5 38. Qe4 Qxh5+ 39.
Kg2 Rc8 40. Nxf6 Qg6 41. Rxh7+ Qxh7 42. Qxh7# 1-0

[Event "*** Titled Tuesday Blitz"]
[Site "Chess.com"]
[Date "2021.02.16"]
[Round "2"]
[White "kekic76"]
[Black "WilliamSchill"]
[Result "1-0"]
[WhiteElo "2387"]
[BlackElo "2058"]
[TimeControl "180+1"]
[EndTime "10:19:20 PST"]
[Termination "kekic76 won on time"]

1. e4 c5 2. Nf3 Nc6 3. d4 cxd4 4. Nxd4 e5 5. Nb5 d6 6. N1c3 a6 7. Na3 Be7 8. Nd5 Nf6 9. Nc4 b5 10. Nxf6+ gxf6 11. Ne3 Be6 12. a4 b4 13. Bc4 Bxc4 14. Nxc4 Nd4 15. Be3 Rc8 16. b3 d5 17. exd5 Qxd5 18. O-O Bc5 19. Bxd4 Qxd4 20. Qh5 Ke7 21. Rad1 Qf4 22. g3 Qg5 23. Qf3 Rc7 24. Rd5 h5 25. h4 Qg4 26. Qxg4 hxg4 27. Rfd1 Bd4 28.
Kf1 Rhc8 29. Ke2 Rc6 30. Rd2 Ke6 31. Ra5 f5 32. Rxd4 exd4 33. Kd3 Rxc4 34. bxc4 Rc6 35. Kxd4 Rd6+ 36. Rd5 Rc6 37. c5 f6 38. Kc4 a5 39. Rd8 f4 40. Kb5 Rc7 41. c6 1-0

[Event "*** Titled Tuesday Blitz"]
[Site "Chess.com"]
[Date "2021.02.16"]
[Round "2"]
[White "MaxLeto"]
[Black "juancruzarias"]
[Result "0-1"]
[WhiteElo "2335"]
[BlackElo "2645"]
[TimeControl "180+1"]
[EndTime "10:19:21 PST"]
[Termination "juancruzarias won by checkmate"]

1. g4 d5 2. Bg2 c6 3. g5 Bf5 4. d4 e6 5. c3 h6 6. h4 hxg5 7. hxg5 Rxh1 8. Bxh1 Nd7 9. Bf4 Ne7 10. Nf3 Ng6 11. Bg3 Nb6 12. Nbd2 Bd6 13. Nf1 Qc7 14.
Qb3 O-O-O 15. a4 Kb8 16. a5 Nc4 17. a6 b5 18. Qa2 Re8 19. b3 Nb6 20. Bxd6 Qxd6 21.
Ng3 Bg4 22. O-O-O Bxf3 23. Bxf3 Qf4+ 24. Qd2 Rh8 25. Qxf4+ Nxf4 26. e3 Ng6 27. Kd2 Kc7 28. Ke2 Nd7 29. c4 Nb8 30. Ra1 Nf8 31. cxb5 cxb5 32.
Rc1+ Kb6 33. Rc8 Ng6 34. Rc1 Nxa6 35. Nh5 Rg8 36. Ra1 Nc7 37. b4 a6 38. Rc1 Kb7 39. Bg4 Ne8 40. Ng3 Nd6 41. Bf3 Ne7 42.
e4 Rc8 43. Rxc8 Kxc8 44. exd5 exd5 45. Kd3 Kd7 46. Nh5 Ndf5 47. Bg4 Kd6 48. Nf4 g6 49. Bf3 Ng7 50. Ne2 Ne6 51. Nc3 Nxg5 52. Bg2 Ne6 53.
Ne2 f5 54. f4 Nc6 55. Ke3 Nxb4 56. Nc3 Nc7 57. Bf1 Nc6 58. Bg2 b4 59. Na4 Ne6 60.
Nc5 Nxc5 61. dxc5+ Kxc5 62. Kd3 a5 63. Bf1 a4 64.
Bg2 a3 65. Kc2 Na5 66. Kb1 b3 67. Bf3 Nc4 68. Be2 Kb4 69. Bd1 Kc3 70. Bc2 a2+ 71. Kc1 a1=Q+ 72. Bb1 Qb2+ 73. Kd1 Qd2# 0-1

[Event "*** Titled Tuesday Blitz"]
[Site "Chess.com"]
[Date "2021.02.16"]
[Round "2"]
[White "Blitzstream"]
[Black "NemtsevIgor"]
[Result "1/2-1/2"]
[WhiteElo "2680"]
[BlackElo "2367"]
[TimeControl "180+1"]
[EndTime "10:19:21 PST"]
[Termination "Game drawn by repetition"]

1. d4 d5 2. Bf4 c5 3. c3 Nc6 4. e3 cxd4 5. exd4 Bf5 6. Nf3 e6 7. Qb3 Qc8 8. Nbd2 Nf6 9. Ne5 Be7 10. Be2 O-O 11. O-O Nxe5 12. Bxe5 a6 13. a4 Qd7 14.
a5 Bd6 15. Bxd6 Qxd6 16. Ra4 Rab8 17. Rb4 Qc7 18. Ra1 Rfc8 19. Nf3 Bg4 20. h3 Bxf3 21. Bxf3 g6 22. Ra3 Kg7 23. Qa4 Ne8 24. Rab3 Nd6 25.
Be2 h5 26. Rb6 Ne4 27. Qb4 Qf4 28. Bf3 Nd2 29. Rxb7 Nxb3 30. Qxb3 Rxb7 31. Qxb7 Rb8 32. Qxa6 Rxb2 33. Qd3 Qd2 34. Qe3 Qxe3 35. fxe3 Ra2 36. e4 dxe4 37. Bxe4 Rxa5 38. Kf2 f5 39. Bf3 Kf6 40. Ke3 Ra2 41. c4 g5 42. c5 g4 43.
hxg4 hxg4 44. Bb7 Kg5 45. Kd3 Ra1 46. Kd2 Ra2+ 47. Kd3 Ra1 48. Kd2 Ra2+ 49. Kd3 1/2-1/2

[Event "*** Titled Tuesday Blitz"]
[Site "Chess.com"]
[Date "2021.02.16"]
[Round "2"]
[White "ViktoriyaTarasova"]
[Black "Grieve72"]
[Result "0-1"]
[WhiteElo "2288"]
[BlackElo "2472"]
[TimeControl "180+1"]
[EndTime "10:19:21 PST"]
[Termination "Grieve72 won by resignation"]

1. d4 f5 2. c4 Nf6 3. g3 g6 4. Bg2 Bg7 5. Nf3 O-O 6. O-O d6 7. Nc3 c6 8. b3 Na6 9. Bb2 Qc7 10.
Re1 e5 11. dxe5 dxe5 12. e4 f4 13. h3 fxg3 14. fxg3 Nh5 15. Kh2 Qe7 16. Qe2 Nc7 17.
a4 Na6 18. Ba3 Nb4 19. a5 Be6 20. Red1 Rf7 21. Rac1 Raf8 22. Rf1 b6 23. axb6 axb6 24. Na2 c5 25. Bxb4 cxb4 26. Qe1 Bh6 27. Rc2 Nxg3 28. Kxg3 Bf4+ 29. Kf2 Qc5+ 30. Ke2 Qe3+ 31. Kd1 Rd8+ 32.
Nd2 Qxb3 33. Rf2 Rfd7 34. Nc1 Qa4 35. Rxf4 Rxd2+ 36. Qxd2 Rxd2+ 37. Kxd2 exf4 38. Rb2 Qa5 39. Kc2 Bxc4 40. e5 Qxe5 41. Rxb4 Qc5 42. Kc3 Bd5+ 43. Kd2 Qxb4+ 0-1

[Event "*** Titled Tuesday Blitz"]
[Site "Chess.com"]
[Date "2021.02.16"]
[Round "2"]
[White "olksuna"]
[Black "Leo_C"]
[Result "1-0"]
[WhiteElo "2686"]
[BlackElo "2431"]
[TimeControl "180+1"]
[EndTime "10:19:22 PST"]
[Termination "olksuna won by resignation"]

1. e4 c6 2. Nf3 d5 3. Nc3 Bg4 4. h3 Bh5 5. exd5 cxd5 6. Bb5+ Nc6 7. g4 Bg6 8. Ne5 Rc8 9. d4 e6 10. h4 f6 11. Nxg6 hxg6 12. h5 gxh5 13. gxh5 Bb4 14. Qg4 Kf7 15. Qg6+ Kf8 16. h6 Qe7 17. Bxc6 Rxc6 18.
h7 Rxc3 19. bxc3 Bxc3+ 20. Kf1 Bxa1 21. Rh3 Bxd4 22. Ba3 Bc5 23. Rc3 b6 24. Bxc5 bxc5 25. Rb3 Qe8 26. hxg8=Q+ Rxg8 27. Qg3 e5 28. Rb7 Qc6 29.
Qb3 g5 30. Rxa7 Rg7 31. Qb8+ Qe8 32. Qxe8+ Kxe8 33. Rxg7 c4 34. Ra7 d4 35. a4 d3 36.
cxd3 c3 37. Rc7 1-0